 Dungeon Crawl Stone Soup version 0.30.1-9-gdf580d7c3d (webtiles) character file.

Game seed: 15349406654654415091

1726391 erocl the Axe Maniac (level 27, 273/273 HPs)
             Began as a Minotaur Fighter on Oct 2, 2023.
             Was the Champion of Okawaru.
             Escaped with the Orb
             ... and 3 runes on Oct 25, 2023!
             The game lasted 09:32:17 (67861 turns).

erocl the Axe Maniac (Minotaur Fighter)            Turns: 67861, Time: 09:32:18

Health: 273/273    AC: 49    Str: 33    XL:     27
Magic:  36/36      EV: 24    Int:  7    God:    Okawaru [******]
Gold:   8307       SH: 35    Dex: 18    Spells: 26/26 levels left

rFire   + + .        a - +3 broad axe of Okawaru, Nurturing {heavy, +Blink Str+4}
rCold   + + +        M - +4 tower shield {rC+}
rNeg    + . .        W - +12 gold dragon scales
rPois   +            H - +2 hood of the Assassin {Detect Stab+ Stlth++}
rElec   +            c - scarf "Gacabogg" {+Inv, rF+ Will+ MP+9 Stlth+}
rCorr   .            Y - +2 pair of gloves "Jetacsev" {Regen+ Dex+3}
SInv    .            s - +2 pair of boots of Ru's Fury {rF+ Will+ Int+2 Stlth+}
Will    +++++        o - amulet "Ofybbadi" {Reflect rPois SH+5 Stlth+} Stlth
                     N - +5 ring of evasion
HPRegen 0.00/turn    g - ring "Xoirov" {Ice rElec rN+ Will+ Str+3}
MPRegen 0.25/turn

%: reflection
@: inhibited regen
A: horns 2, retaliatory headbutt, deterioration 1, dopey 1, screaming 1,
inhibited regeneration, weak 1, MP-powered wands
0: Orb of Zot
}: 3/15 runes: decaying, silver, gossamer
a: Renounce Religion, Evoke Blink, Evoke Invisibility, Heroism, Finesse, Duel


You escaped.
You worshipped Okawaru.
Okawaru was exalted by your worship.
You visited 11 branches of the dungeon, and saw 51 of its levels.
You also visited: Sewer, Ossuary, Gauntlet, Ice Cave and Volcano.

You collected 9194 gold pieces.
You spent 887 gold pieces at shops.

Inventory:

Hand Weapons
 a - the +3 broad axe of Okawaru, Nurturing (weapon) {heavy, +Blink Str+4}
   (Okawaru gifted it to you on level 14 of the Dungeon)

   Str:       It affects your strength (+4).
   +Blink:    It lets you blink.
 b - the +1 war axe "Ozufre" {flame, rElec Will+ rCorr}
   (You found it on level 3 of the Elven Halls)

   rElec:     It insulates you from electricity.
   rCorr:     It protects you from acid and corrosion.
   Will:      It increases your willpower.
 V - a +6 broad axe of protection
Missiles
 d - 3 silver boomerangs (quivered)
 y - 5 throwing nets
 D - 13 silver javelins
 Z - 15 curare-tipped darts
Armour
 c - the scarf "Gacabogg" (worn) {+Inv, rF+ Will+ MP+9 Stlth+}
   (Okawaru gifted it to you on level 2 of the Vaults)

   rF:        It protects you from fire.
   MP:        It affects your magic capacity (+9).
   Will:      It increases your willpower.
   Stlth:     It makes you more stealthy.
 s - the +2 pair of boots of Ru's Fury (worn) {rF+ Will+ Int+2 Stlth+}
   (You acquired it in an ice cave)

   Int:       It affects your intelligence (+2).
   rF:        It protects you from fire.
   Will:      It increases your willpower.
   Stlth:     It makes you more stealthy.
 H - the +2 hood of the Assassin (worn) {Detect Stab+ Stlth++}
   (Okawaru gifted it to you on level 11 of the Dungeon)

   Detect:    It allows the wearer to sense nearby creatures.
   Stab+:     It allows the wearer to make particularly effective stabbing
   attacks against helpless or unaware enemies with any weapon.
   Stlth:     It makes you much more stealthy.
 J - the +1 cloak "Turph" {*Slow rC++ Slay+5}
   (You found it on level 1 of the Elven Halls)

   Slay:      It affects your accuracy & damage with ranged weapons and melee
   (+5).
   rC:        It greatly protects you from cold.
   *Slow:     It may slow you when you take damage.
 M - a +4 tower shield of cold resistance (worn)
 W - +12 gold dragon scales (worn)
 Y - the +2 pair of gloves "Jetacsev" (worn) {Regen+ Dex+3}
   (Okawaru gifted it to you on level 2 of the Depths)

   Dex:       It affects your dexterity (+3).
   Regen:     It increases your rate of health regeneration.
Jewellery
 f - a +6 ring of intelligence
 g - the ring "Xoirov" (right hand) {Ice rElec rN+ Will+ Str+3}
   (You took it off Josephina on level 1 of the Crypt)

   [ring of ice]

   It enhances your ice magic.
   Str:       It affects your strength (+3).
   rF:        It makes you vulnerable to fire.
   rC:        It protects you from cold.
   rElec:     It insulates you from electricity.
   rN:        It protects you from negative energy.
   Will:      It increases your willpower.
 h - the amulet of the Four Winds {rN+ Will+++ Clar}
   (You found it on level 3 of the Elven Halls)

   [amulet of nothing]

   rN:        It protects you from negative energy.
   Clar:      It protects you from confusion, rage, mesmerisation and fear.
   Will:      It greatly increases your willpower.
 o - the amulet "Ofybbadi" (around neck) {Reflect rPois SH+5 Stlth+}
   (You bought it in a shop on level 10 of the Dungeon)

   [amulet of reflection]

   It reflects blocked missile attacks.
   rPois:     It protects you from poison.
   SH:        It affects your SH (+5).
   Stlth:     It makes you more stealthy.
 w - the ring of Winter {rPois rN++ Will+ Str-4 Dex+6}
   (You found it on level 2 of the Depths)

   [ring of dexterity]

   Str:       It affects your strength (-4).
   Dex:       It affects your dexterity (+6).
   rPois:     It protects you from poison.
   rN:        It greatly protects you from negative energy.
   Will:      It increases your willpower.
 E - a ring of see invisible
 N - a +5 ring of evasion (left hand)
 O - the necklace of Bloodlust {Fury *Rage Will++ Int-3 Slay+6}
   (You found it on level 2 of the Elven Halls)

   [amulet of nothing]

   Fury:      It extends the wearer's berserk rage when killing foes.
   Int:       It affects your intelligence (-3).
   Slay:      It affects your accuracy & damage with ranged weapons and melee
   (+6).
   *Rage:     It berserks you when you make melee attacks (+50% chance).
   Will:      It greatly increases your willpower.
Wands
 j - a wand of digging (16)
 r - a wand of flame (126)
 S - a wand of iceblast (60)
 X - a wand of acid (13)
Scrolls
 i - 23 scrolls of teleportation
 k - 12 scrolls of fog
 l - 2 scrolls of magic mapping
 t - 7 scrolls of vulnerability
 v - 9 scrolls of fear
 B - 14 scrolls of immolation
 C - 5 scrolls of enchant weapon
 F - 6 scrolls of silence
 R - 8 scrolls of blinking
Potions
 e - 8 potions of cancellation
 m - 6 potions of heal wounds
 p - 9 potions of mutation
 q - 9 potions of attraction
 x - 6 potions of haste
 z - 5 potions of berserk rage
 A - 4 potions of invisibility
 G - 12 potions of lignification
 I - 7 potions of might
 L - 16 potions of ambrosia
 P - 9 potions of flight
 Q - 29 potions of curing
 T - 5 potions of resistance
Miscellaneous
 n - a phial of floods


   Skills:
 O Level 27 Fighting
 O Level 27 Axes
 - Level 10.0 Throwing
 O Level 27 Armour
 + Level 20.4 Dodging
 - Level 1.6 Stealth
 O Level 27 Shields
 - Level 7.3 Invocations
 - Level 4.0 Evocations


You had 26 spell levels left.
You didn't know any spells.
Your spell library contained the following spells:

 Spells                   Type           Power      Damage    Failure   Level
 Apportation              Tloc           0%         N/A       91%         1
 Foxfire                  Conj/Fire      0%         2x1d4     91%         1
 Freeze                   Ice            0%         1d3       91%         1
 Magic Dart               Conj           0%         1d3       91%         1
 Necrotise                Necr           0%         1d4       91%         1
 Sandblast                Erth           0%         2d4       91%         1
 Blink                    Tloc           0%         N/A       97%         2
 Cigotuvi's Dreadful Rot  Necr/Pois/Air  0%         N/A       97%         2
 Lesser Beckoning         Tloc           0%         N/A       97%         2
 Momentum Strike          Conj/Tloc      0%         3d8       97%         2
 Passwall                 Tmut/Erth      0%         N/A       97%         2
 Poisonous Vapours        Pois/Air       0%         N/A       97%         2
 Sublimation of Blood     Necr           0%         N/A       97%         2
 Dazzling Flash           Conj/Hex       0%         N/A       99%         3
 Frozen Ramparts          Ice            0%         1d1       99%         3
 Gell's Gravitas          Tloc           0%         N/A       99%         3
 Hailstorm                Conj/Ice       0%         3d3       99%         3
 Ignite Poison            Fire/Tmut/Pois 0%         N/A       99%         3
 Mephitic Cloud           Conj/Pois/Air  0%         N/A       99%         3
 Ozocubu's Armour         Ice            0%         N/A       99%         3
 Portal Projectile        Hex/Tloc       0%         N/A       99%         3
 Spider Form              Tmut/Pois      0%         N/A       99%         3
 Stone Arrow              Conj/Erth      0%         3d7       99%         3
 Teleport Other           Tloc           0%         N/A       99%         3
 Vampiric Draining        Necr           0%         2d6       99%         3
 Vhi's Electric Charge    Tloc/Air       0%         N/A       99%         3
 Dispel Undead            Necr           0%         3d6       100%        4
 Ice Form                 Ice/Tmut       0%         N/A       100%        4
 Leda's Liquefaction      Hex/Erth       0%         N/A       100%        4
 Manifold Assault         Tloc           0%         N/A       100%        4
 Passage of Golubria      Tloc           0%         N/A       100%        4
 Petrify                  Tmut/Erth      0%         N/A       100%        4
 Agony                    Necr           0%         N/A       100%        5
 Alistair's Intoxication  Tmut/Pois      0%         N/A       100%        5
 Arcjolt                  Conj/Air       0%         1d10      100%        5
 Borgnjor's Vile Clutch   Necr/Erth      0%         N/A       100%        5
 Freezing Cloud           Conj/Ice/Air   0%         6-21      100%        5
 Metabolic Englaciation   Hex/Ice        0%         N/A       100%        5
 Silence                  Hex/Air        0%         N/A       100%        5
 Yara's Violent Unravell  Hex/Tmut       0%         3d3       100%        5
 Conjure Ball Lightning   Conj/Air       0%         3x3d6     100%        6
 Dispersal                Tloc           0%         N/A       100%        6
 Eringya's Noxious Bog    Tmut/Pois      0%         N/A       100%        6
 Iron Shot                Conj/Erth      0%         9d1       100%        6
 Plasma Beam              Fire/Air       0%         2x1d11    100%        6
 Starburst                Conj/Fire      0%         6d3       100%        6
 Statue Form              Tmut/Erth      0%         N/A       100%        6
 Enfeeble                 Hex            0%         N/A       100%        7
 Ozocubu's Refrigeration  Ice            0%         4d7       100%        7
 Storm Form               Tmut/Air       0%         N/A       100%        7
 Borgnjor's Revivificati  Necr           0%         N/A       100%        8
 Discord                  Hex            0%         N/A       100%        8
 Disjunction              Tloc           0%         N/A       100%        8
 Death's Door             Necr           0%         N/A       100%        9
 Fire Storm               Conj/Fire      0%         5d1       100%        9
 Polar Vortex             Ice            0%         N/A       100%        9
 Call Imp                 Summ           Unusable   N/A       N/A         2
 Call Canine Familiar     Summ           Unusable   N/A       N/A         3
 Tukima's Dance           Hex            Unusable   N/A       N/A         3
 Animate Dead             Necr           Unusable   N/A       N/A         4
 Summon Ice Beast         Ice/Summ       Unusable   N/A       N/A         4
 Death Channel            Necr           Unusable   N/A       N/A         6
 Simulacrum               Ice/Necr       Unusable   N/A       N/A         6
 Haunt                    Necr/Summ      Unusable   N/A       N/A         7

Dungeon Overview and Level Annotations

Branches:
Dungeon (15/15)            Temple (1/1) D:7            Lair (5/5) D:9
  Swamp (4/4) Lair:3       Spider (4/4) Lair:3        Slime (0/5) Lair:5
    Orc (2/2) D:12            Elf (3/3) Orc:2        Vaults (5/5) D:13
  Crypt (3/3) Vaults:2       Tomb (0/3) Crypt:3      Depths (4/4) D:15
    Zot (5/5) Depths:4      Sewer (visited)         Ossuary (visited)
  IceCv (visited)         Volcano (visited)         Gauntlet (visited)

Altars:
Ashenzari
Cheibriados
Dithmenos
Elyvilon
Fedhas
Gozag
Hepliaklqana
Kikubaaqudgha
Makhleb
Nemelex Xobeh
Okawaru
Qazlal
Ru
Sif Muna
Trog
Uskayaw
Vehumet
Wu Jian
Xom
Yredelemnul
Zin
The Shining One

Shops:
D:5 :   D:10 =   Orc:2 ((*?   Vaults:1 =

Portals:
Hell: Depths:1 Depths:2 Depths:3 Depths:4
Abyss: Depths:3
Pandemonium: Depths:2 Depths:3
Ziggurat: Depths:1

Annotations:
Lair:1 exclusion: oklob plant
Lair:2 2 transporters, mdk's ghost, journeyman OgGl
Depths:1 exclusion: 2 ice statues
Zot:1 exclusion: lightning spire
Zot:5 1 runed translucent door, Uneer's ghost, legendary GnFE


Innate Abilities, Weirdness & Mutations

You have a pair of horns on your head.
You reflexively headbutt those who attack you in melee.
Your body sometimes deteriorates upon taking damage.
You are dopey. (Int -2)
You occasionally shout uncontrollably at your foes.
You do not regenerate when monsters are visible.
You are weak. (Str -2)
You expend magic power (3 MP) to strengthen your wands.


Message History

You climb upwards.
There is a stone staircase leading down here.
(D) Dungeon (T) Temple (L) Lair (S) Swamp (N) Spider Nest (M) Slime Pits (O) Orcish Mines (E) Elven Halls (V) Vaults (C) Crypt (W) Tomb (U) Depths (H) Hell (Z) Zot
Where to? (Enter - D:1 @ (x,y), ? - help)
What level of the Dungeon? (default 1, ? - help)
A blizzard demon comes into view.
The blizzard demon gestures at you. The freezing blast misses you.
You are engulfed in freezing vapours.
You resist.
A soul eater comes into view.
The soul eater moves out of view.
The blizzard demon gestures at you. The freezing blast misses you.
You are engulfed in freezing vapours.
You resist. The blizzard demon gestures at you. The bolt of cold misses you.
The blizzard demon waves its arms in wide circles.
The air twists around and strikes you. 2 hellwings and a smoke demon come into view.
The hellwing gives a chilling moan.
The smoke demon moves out of view.
A smoke demon comes into view.
The smoke demon roars!
The smoke demon moves out of view.
A hellwing comes into view.
There is a shaft here.
The blizzard demon waves its arms in wide circles.
The air twists around and strikes you.
The hellwing is sucked into a shaft!
The shaft crumbles and collapses.
The blizzard demon waves its arms in wide circles.
The air twists around and strikes you.
A sun demon comes into view.
You yell at the sun demon!
The sun demon shouts!
There is a staircase leading out of the dungeon here.
You block the sun demon's attack.
You have escaped!

#####...##.####..############3...
.....................†.....).3...
..........####.########.#####4###
.........## ##.# #..####{###
..##.#...# #{## ##........4
..##.#...## ##.#############.#..
..##......# #2###4#.#..#####.#..
..#####.#.# ##3#.#.#.#..4..32...
#..# #.#.######@######.#####.#.#
##.######.#.#.#.#.## #.# #.#.#
...........#.#.###.# #.# #....
###.#####.#######.## #.# ####..
..........# ##.# #.####.....
###.#####.# #.## #..........
#.#####.# ##.# #.####.####
#.......# #.# #.##......#
######.##.# #.# #.#...)...#


You could see a balrug, a sun demon and a hellwing.

Vanquished Creatures
  2 dread liches (Zot:5)
  3 ancient liches
  4 orbs of fire
  2 juggernauts (Zot:5)
  Josephina (Crypt:1)
  Boris (thrice) (Vaults:3 Crypt:2 Crypt:3)
  Sojobo (Crypt:1)
  Vv (Crypt:1)
  Saint Roka (Depths:1)
  Margery (Vaults:4)
  4 Killer Klowns (Zot:5)
  2 curse toes
  Nikola (Vaults:2)
  5 golden dragons
  Jory (Crypt:3)
  the Enchantress (Depths:1)
  3 electric golems
  A shard shrike zombie (Crypt:3)
  The ghost of Psyclone the Eclecticist, an adept OpCj of Ashenzari (Elf:3)
  The ghost of Unui the Tortoise, an adept MiFi of Qazlal (Vaults:3)
  3 liches
  21 tentacled monstrosities
  Zenata (Elf:2)
  A Hell Sentinel (D:2)
  A walking crystal tome (Depths:2)
  26 Orb Guardians
  3 deep elf blademasters
  A walking frostbound tome (Depths:2)
  4 titans
  4 quicksilver dragons
  2 deep elf master archers (Elf:3)
  4 ancient champions
  Frances (Elf:1)
  An Executioner (D:13)
  6 sphinxes
  7 shadow dragons
  The ghost of mrw3rdna the Shatterer, an adept MiFi of Yredelemnul (Swamp:3)
  12 death cobs
  14 storm dragons
  10 tengu reavers
  3 revenants
  8 draconian knights
  14 fire giants
  8 deep elf sorcerers
  15 frost giants
  6 draconian monks
  31 vault wardens
  9 emperor scorpions
  2 iron dragons (Depths:2)
  A juggernaut zombie (Crypt:3)
  4 draconian scorchers
  5 curse skulls
  3 draconian shifters
  Louise (D:14)
  3 ghouls (Crypt:1)
  3 war gargoyles
  34 very ugly things
  2 deep elf elementalists (Elf:3)
  8 spriggan defenders
  2 orc warlords
  19 ironbound preservers
  A demonspawn blood saint (Depths:4)
  3 draconian stormcallers
  5 ghost moths
  6 draconian annihilators
  2 reapers
  4 broodmothers
  7 ironbound thunderhulks
  A caustic shrike skeleton (Depths:2)
  8 green draconians
  15 stone giants
  A demonspawn black sun (Depths:4)
  7 deep elf annihilators
  Nessos (D:14)
  20 vampire knights
  5 eleionomae
  5 deep elf demonologists
  8 black draconians
  11 red draconians
  10 white draconians
  8 dire elephants (Vaults:4)
  17 yellow draconians
  A minotaur (Gauntlet)
  16 spark wasps
  8 purple draconians
  4 bunyips
  9 deep elf death magi
  5 eidola
  Snorg (Orc:1)
  2 blizzard demons
  10 ettins
  An acid blob zombie (Crypt:2)
  A shambling mangrove (Swamp:1)
  2 entropy weavers
  7 jiangshi
  A spriggan zombie (Crypt:3)
  2 merfolk javelineers
  4 deep elf high priests
  13 fire dragons
  6 rakshasas
  6 great orbs of eyes
  18 yaktaur captains
  41 vault guards
  A salamander tyrant (Depths:4)
  16 hydras
  3 ogre magi
  A jorogumo (shapeshifter) (Vaults:5)
  8 spriggan air magi
  Erica (D:11)
  15 ice dragons
  11 centaur warriors
  5 catoblepae
  A peacekeeper (Vaults:2)
  10 boulder beetles
  A jorogumo (Spider:4)
  8 ironbound frosthearts
  A death knight (Crypt:1)
  3 ghost crabs
  2 radroaches
  11 death yaks
  A two-headed ogre (shapeshifter) (D:12)
  8 tengu warriors
  10 alligators
  39 dancing weapons
  10 deep troll shamans
  12 two-headed ogres
  A satyr (shapeshifter) (Vaults:5)
  A bennu skeleton (Crypt:2)
  3 hell hogs (D:15)
  A death scarab (Gauntlet)
  8 deep troll earth magi
  Sonja (D:12)
  2 spriggan berserkers
  7 vampire magi
  18 spriggans
  Nergalle (Orc:1)
  2 skysharks (Lair:5)
  20 deep elf knights
  2 fire crabs (Swamp:4)
  13 hell knights
  3 shadow wraiths (Crypt:3)
  7 goliath frogs
  7 iron trolls
  2 pharaoh ants
  30 skeletal warriors
  3 bunyip zombies (Crypt:3)
  4 sun moths
  2 orb spiders (shapeshifter)
  66 deep trolls
  5 flayed ghosts
  8 swamp dragons
  9 wizards
  5 spriggan druids
  6 orb spiders
  4 bog bodies
  5 glowing orange brains
  An obsidian statue (Zot:5)
  4 lindwurms
  14 deep elf archers
  23 phantasmal warriors
  15 ironbound convokers
  20 harpies
  Pikel (D:8)
  7 steelbarb worms
  10 orc knights
  34 deep elf zephyrmancers
  3 necromancers
  3 will-o-the-wisps
  A broodmother zombie (Crypt:2)
  2 manticores (shapeshifter)
  34 deep elf pyromancers
  19 wolf spiders
  A sphinx skeleton (Crypt:3)
  3 salamanders (Depths:4)
  37 ugly things
  6 manticores
  25 elephants
  9 cyclopes
  4 dire elephant zombies
  2 black mambas (shapeshifter)
  An ice statue (IceCv)
  20 moths of wrath
  3 naga zombies (Crypt:3)
  A guardian serpent (shapeshifter) (Depths:2)
  6 black mambas
  A dire elephant skeleton (Crypt:2)
  A gargoyle (D:9)
  6 demonic crawlers
  10 cane toads
  16 vault sentinels
  An alligator snapping turtle zombie (Crypt:3)
  A minotaur zombie (Gauntlet)
  7 torpor snails
  2 unseen horror zombies (D:8)
  3 unseen horrors
  7 komodo dragons
  5 freezing wraiths
  2 efreet
  A red draconian skeleton (Crypt:2)
  3 rime drakes
  5 ice devils
  5 tengu conjurers
  62 yaktaurs
  2 sea snake zombies
  A white draconian skeleton (Crypt:3)
  6 meliai
  15 trolls
  2 queen bees
  3 harpy zombies
  A tarantella (shapeshifter) (D:13)
  A polar bear (Lair:5)
  23 hornets
  A hellwing (D:15)
  A sphinx simulacrum (Depths:2)
  A death drake skeleton (Crypt:1)
  19 tarantellas
  12 blink frogs
  10 tyrant leeches
  34 jumping spiders
  Sigmund (D:3)
  3 dream sheep (Lair:4)
  35 slime creatures
  A ynoxinul (Depths:4)
  A fire dragon skeleton (Crypt:1)
  8 wraiths
  8 culicivoras
  6 water elementals
  2 air elementals
  5 fire elementals
  A dire elephant simulacrum (IceCv)
  6 flying skulls (Crypt:1)
  3 wyverns
  36 yaks
  3 fire bats (Volcano)
  5 vampires
  2 basilisks (shapeshifter)
  Eustachio (D:6)
  7 steam dragons
  Grum (D:10)
  A redback (shapeshifter) (Depths:2)
  38 redbacks
  14 vampire mosquitoes
  Menkaure (D:6)
  5 harpy simulacra
  A glowing shapeshifter zombie (Depths:2)
  A death yak simulacrum (IceCv)
  3 wargs
  11 swamp worms
  16 water moccasins
  2 floating eyes
  A two-headed ogre skeleton (Crypt:1)
  4 acid dragons
  2 hornet zombies (D:8)
  8 swamp drakes
  36 orc warriors
  3 ice beasts
  A merfolk skeleton (Crypt:1)
  A dream sheep zombie (Crypt:1)
  A sky beast (D:7)
  5 black bears
  21 ogres
  7 centaurs
  27 wolves
  2 lemures (D:8)
  An elf zombie (Ossuary)
  Blork the orc (D:6)
  A vine stalker zombie (Crypt:3)
  3 kobold brigands
  18 bullfrogs
  2 earth elementals
  2 gnoll sergeants
  6 two-headed ogre simulacra (IceCv)
  4 scorpions
  A necrophage (Crypt:1)
  A wyvern zombie (D:8)
  A cane toad simulacrum (IceCv)
  10 wights
  A cyclops skeleton (Crypt:1)
  3 elephant simulacra (IceCv)
  23 killer bees
  A swamp dragon simulacrum (Crypt:1)
  A shapeshifter skeleton (Crypt:2)
  4 howler monkeys
  2 electric eels
  A bullfrog zombie (Crypt:3)
  3 jellies
  5 lava snakes (Volcano)
  4 centaur zombies
  5 hounds
  2 gnoll boudas
  21 orc priests
  Crazy Yiuf (D:3)
  2 human zombies (Ossuary)
  4 iguanas
  A sleepcap (D:5)
  4 hell rats (Lair:4)
  20 orc wizards
  4 spriggan simulacra (IceCv)
  2 polar bear simulacra (IceCv)
  3 troll simulacra (IceCv)
  A killer bee zombie (D:8)
  A wolf simulacrum (IceCv)
  A deep dwarf zombie (Crypt:2)
  An ogre skeleton (Crypt:1)
  A howler monkey zombie (D:8)
  2 mummies (Ossuary)
  36 gnolls
  11 adders
  A river rat (D:6)
  9 naga simulacra
  A shadow imp (D:5)
  10 white imps
  10 ufetubi
  5 dart slugs
  114 orcs
  4 bats
  An endoplasm (D:1)
  2 giant cockroaches
  5 goblins
  9 hobgoblins
  17 jackals
  13 kobolds
  5 quokkas
  2 ball pythons (D:3)
  A dart slug zombie (Crypt:1)
  2 frilled lizards (D:2)
  A goblin zombie (Ossuary)
  13 hobgoblin zombies (Ossuary)
  A jackal zombie (Ossuary)
  A kobold skeleton (Crypt:1)
  11 kobold zombies (Ossuary)
  6 orc zombies (Ossuary)
  4 rats
  A rat zombie (Ossuary)
  2 fire vortices
  A spectral weapon (Swamp:1)
2470 creatures vanquished.

Vanquished Creatures (others)
  A tengu reaver (Crypt:1)
  A fire giant (Depths:4)
  An ironbound frostheart (Vaults:1)
  A deep elf knight (Elf:3)
  3 deep elf pyromancers
  2 bloated husks
  A harpy zombie (Crypt:3)
  A steam dragon (Swamp:4)
  A swamp drake (Swamp:4)
  14 foxfires
26 creatures vanquished.

Grand Total: 2496 creatures vanquished

Notes
Turn   | Place    | Note
-------+----------+-------------------------------------------
     0 | D:1      | erocl the Minotaur Fighter began the quest for the Orb.
     0 | D:1      | Reached XP level 1. HP: 19/19 MP: 0/0
   138 | D:1      | Found a faded altar of an unknown god.
   205 | D:1      | Reached XP level 2. HP: 26/26 MP: 1/1
   680 | D:1      | Reached XP level 3. HP: 26/31 MP: 2/2
  1232 | D:2      | Reached skill level 5 in Axes
  1243 | D:2      | Found a broken altar of Ashenzari.
  1256 | D:2      | Reached XP level 4. HP: 28/39 MP: 3/3
  1690 | D:3      | Found a runed translucent door.
  1691 | D:3      | Noticed Crazy Yiuf
  1697 | D:3      | Killed Crazy Yiuf
  1698 | D:3      | Reached XP level 5. HP: 33/45 MP: 4/4
  1903 | D:3      | Reached skill level 1 in Stealth
  2091 | D:3      | Reached skill level 1 in Dodging
  2222 | D:3      | Noticed Sigmund
  2229 | D:3      | Killed Sigmund
  2230 | D:3      | Reached XP level 6. HP: 36/51 MP: 5/5
  2417 | D:3      | Found a sacrificial altar of Ru.
  2417 | D:3      | Found a glowing silver altar of Zin.
  2981 | D:4      | Found an ancient bone altar of Kikubaaqudgha.
  3030 | D:4      | Found a burning altar of Makhleb.
  3143 | D:4      | Found a sand-covered staircase.
  3152 | Ossuary  | Entered an ossuary
  3317 | Ossuary  | Reached XP level 7. HP: 54/57 MP: 6/6
  3720 | D:4      | Reached skill level 10 in Axes
  4070 | D:4      | Reached XP level 8. HP: 63/64 MP: 7/7
  4626 | D:5      | Entered Level 5 of the Dungeon
  4876 | D:5      | Found a shimmering altar of Xom.
  5351 | D:5      | Found Caaseury's Book Boutique.
  5565 | D:5      | Reached skill level 5 in Shields
  5986 | D:5      | Reached XP level 9. HP: 49/71 MP: 8/8
  6130 | D:6      | Noticed Blork the orc
  6139 | D:6      | Killed Blork the orc
  6384 | D:6      | Reached skill level 5 in Fighting
  6384 | D:6      | Reached skill level 5 in Armour
  6388 | D:6      | Noticed Eustachio
  6389 | D:6      | Found a hazy altar of Hepliaklqana.
  6397 | D:6      | Killed Eustachio
  6568 | D:6      | Noticed Menkaure
  6575 | D:6      | Killed Menkaure
  6737 | D:6      | Found a glowing drain.
  6743 | Sewer    | Entered a sewer
  7188 | D:6      | Found a bloodstained altar of Trog.
  7675 | D:7      | Found a glowing golden altar of the Shining One.
  7709 | D:7      | Found a sparkling altar of Nemelex Xobeh.
  7901 | D:7      | Found a staircase to the Ecumenical Temple.
  7915 | Temple   | Entered the Ecumenical Temple
  7932 | Temple   | Became a worshipper of Warmaster Okawaru
  7968 | D:7      | Reached skill level 1 in Throwing
  8018 | D:7      | Reached XP level 10. HP: 86/86 MP: 9/9
  8337 | D:8      | Reached * piety under Okawaru
  8474 | D:8      | Noticed Pikel
  8493 | D:8      | Killed Pikel
  8559 | D:8      | Reached ** piety under Okawaru
  8788 | D:8      | Found a basalt altar of Yredelemnul.
  9407 | D:9      | Noticed a gargoyle
  9951 | D:9      | Reached skill level 1 in Invocations
  9961 | D:9      | Paralysed by a hornet for 2 turns
  9969 | D:9      | Reached *** piety under Okawaru
  9981 | D:9      | Reached XP level 11. HP: 37/95 MP: 11/11
 10200 | D:9      | Found a staircase to the Lair.
 10348 | D:9      | Reached skill level 15 in Axes
 10950 | D:10     | Entered Level 10 of the Dungeon
 10987 | D:10     | Reached skill level 5 in Throwing
 11029 | D:10     | Noticed Grum
 11066 | D:10     | Reached **** piety under Okawaru
 11355 | D:10     | Found Qoxioli's Jewellery Shoppe.
 11362 | D:10     | Bought the amulet "Ofybbadi" {Reflect rPois SH+5 Stlth+}
                  | for 572 gold pieces
 11457 | D:10     | Killed Grum
 11535 | D:10     | Noticed a two-headed ogre
 11566 | D:10     | Killed a two-headed ogre
 11713 | Lair:1   | Entered Level 1 of the Lair of Beasts
 11805 | Lair:1   | Received a gift from Okawaru
 11806 | Lair:1   | Reached skill level 10 in Fighting
 11806 | Lair:1   | Reached skill level 10 in Armour
 11862 | Lair:1   | Reached ***** piety under Okawaru
 11974 | Lair:1   | Noticed an oklob plant
 12135 | Lair:1   | Received a gift from Okawaru
 12717 | Lair:2   | Noticed mdk's ghost (journeyman OgGl)
 12721 | Lair:2   | Found a bloodstained altar of Trog.
 12721 | Lair:2   | Noticed a spriggan rider
 12780 | Lair:2   | Reached skill level 5 in Invocations
 12946 | Lair:2   | Reached XP level 12. HP: 96/108 MP: 14/14
 13064 | Lair:2   | Found a transporter.
 13069 | Lair:2   | Found a transporter.
 13584 | Lair:3   | Found a staircase to the Swamp.
 13667 | Lair:3   | Found a gate leading to a gauntlet.
 13676 | Gauntlet | Entered a Gauntlet
 13676 | Gauntlet | Found a transporter.
 13676 | Gauntlet | Found a transporter.
 13676 | Gauntlet | Found a transporter.
 13687 | Gauntlet | Found a transporter.
 13690 | Gauntlet | Found a transporter.
 13697 | Gauntlet | Noticed a catoblepas
 13698 | Gauntlet | Found a transporter.
 13701 | Gauntlet | Found a transporter.
 13705 | Gauntlet | Found a runed translucent door.
 13705 | Gauntlet | Found a runed translucent door.
 13707 | Gauntlet | Noticed a hell hog
 13709 | Gauntlet | Found a transporter.
 13727 | Gauntlet | Found a transporter.
 13741 | Gauntlet | Noticed a death scarab
 13746 | Gauntlet | Found a transporter.
 13747 | Gauntlet | Found a transporter.
 13748 | Gauntlet | Noticed a death scarab
 13749 | Gauntlet | Found a runed translucent gate.
 13749 | Gauntlet | Found a runed translucent gate.
 13749 | Gauntlet | Found a runed translucent gate.
 13750 | Gauntlet | Found a large runed translucent door.
 13750 | Gauntlet | Found a large runed translucent door.
 13751 | Gauntlet | Found a large runed translucent door.
 13752 | Gauntlet | Found a large runed translucent door.
 13753 | Gauntlet | Found a large runed translucent door.
 13753 | Gauntlet | Found a large runed translucent door.
 13753 | Gauntlet | Found a runed translucent door.
 13753 | Gauntlet | Found a runed translucent door.
 13754 | Gauntlet | Found a large runed translucent door.
 13755 | Gauntlet | Found a large runed translucent door.
 13757 | Gauntlet | Found a transporter.
 13795 | Gauntlet | Found a large runed translucent door.
 13796 | Gauntlet | Found a large runed translucent door.
 13797 | Gauntlet | Found a large runed translucent door.
 13797 | Gauntlet | Found a large runed translucent door.
 13798 | Gauntlet | Found a large runed translucent door.
 13799 | Gauntlet | Found a large runed translucent door.
 13800 | Gauntlet | Found a large runed translucent door.
 13800 | Gauntlet | Found a large runed translucent door.
 13902 | Gauntlet | Identified the amulet of Starshine {Regen+ Str+4}
 14129 | Gauntlet | Killed a death scarab
 14205 | Gauntlet | Noticed a minotaur
 14210 | Gauntlet | Killed a minotaur
 14290 | Lair:3   | Noticed a death yak
 14291 | Lair:3   | Noticed a death yak
 14291 | Lair:3   | Noticed a death yak
 14305 | Lair:3   | Noticed a death yak
 14308 | Lair:3   | Killed a death yak
 14324 | Lair:3   | Killed a death yak
 14327 | Lair:3   | Killed a death yak
 14337 | Lair:3   | Killed a death yak
 14337 | Lair:3   | Received a gift from Okawaru
 14529 | Lair:3   | Reached skill level 5 in Dodging
 14659 | Lair:3   | Found a hole to the Spider Nest.
 14746 | Lair:3   | Noticed a boulder beetle
 14762 | Lair:3   | Killed a boulder beetle
 14763 | Lair:3   | Reached XP level 13. HP: 110/119 MP: 15/15
 15199 | Lair:4   | Reached skill level 1 in Evocations
 15217 | Lair:4   | Reached ****** piety under Okawaru
 15378 | Lair:4   | Identified the +0 pair of boots of Hadd {Rampage +Inv Str+2
                  | Stlth+} (Okawaru gifted it to you on level 4 of the Lair of
                  | Beasts)
 15378 | Lair:4   | Received a gift from Okawaru
 15937 | Lair:5   | Entered Level 5 of the Lair of Beasts
 16421 | Lair:5   | Found a dark tunnel.
 16426 | Volcano  | Entered a volcano
 16518 | Volcano  | Reached XP level 14. HP: 130/130 MP: 14/16
 16525 | Volcano  | Found a bloodstained altar of Trog.
 16985 | Lair:5   | Found a staircase to the Slime Pits.
 17415 | Lair:5   | Identified the +2 hand axe of Brutal Revenge {flame, rF+
                  | rC+ rCorr} (Okawaru gifted it to you on level 5 of the Lair
                  | of Beasts)
 17415 | Lair:5   | Received a gift from Okawaru
 17962 | D:11     | Received a gift from Okawaru
 18127 | D:11     | Found an iron altar of Okawaru.
 18442 | D:11     | Noticed Erica
 18473 | D:10     | Bought a ring of see invisible for 195 gold pieces
 18489 | D:11     | Killed Erica
 18489 | D:11     | Received a gift from Okawaru
 18490 | D:11     | Found the +2 hood of the Assassin {Detect Stab+ Stlth++}
 19129 | D:12     | Noticed Sonja
 19240 | D:12     | Killed Sonja
 19294 | D:12     | Found a staircase to the Orcish Mines.
 20000 | D:12     | Reached skill level 15 in Fighting
 20452 | D:13     | Found a gate to the Vaults.
 20462 | D:13     | Reached skill level 15 in Armour
 20507 | D:13     | Reached XP level 15. HP: 141/141 MP: 19/19
 20508 | D:13     | Found a frozen archway.
 20517 | IceCv    | Entered an ice cave
 21150 | IceCv    | Identified a scroll of acquirement
 21159 | IceCv    | Acquired the +2 pair of boots of Ru's Fury {rF+ Will+ Int+2
                  | Stlth+}
 21184 | IceCv    | Received a gift from Okawaru
 21661 | IceCv    | Identified the staff of death "Sitsane" {rN+ Will+}
 22467 | D:14     | Identified the +3 broad axe of Okawaru, Nurturing {heavy,
                  | +Blink Str+4} (Okawaru gifted it to you on level 14 of the
                  | Dungeon)
 22467 | D:14     | Received a gift from Okawaru
 22552 | D:14     | Reached skill level 10 in Shields
 22900 | D:14     | Noticed Louise
 22908 | D:14     | Killed Louise
 22933 | D:14     | Identified the +2 pair of boots "Qikligin" {rElec rC+
                  | Dex+4} (Okawaru gifted it to you on level 14 of the
                  | Dungeon)
 22933 | D:14     | Received a gift from Okawaru
 23013 | D:14     | Noticed Nessos
 23017 | D:14     | Killed Nessos
 23159 | D:15     | Entered Level 15 of the Dungeon
 23855 | D:15     | Found a staircase to the Depths.
 23987 | Orc:1    | Entered Level 1 of the Orcish Mines
 24184 | Orc:1    | Noticed Snorg
 24194 | Orc:1    | Killed Snorg
 24309 | Orc:2    | Entered Level 2 of the Orcish Mines
 24334 | Orc:2    | Received a gift from Okawaru
 24481 | Orc:2    | Found Reib's Assorted Antiques.
 24545 | Orc:2    | Reached XP level 16. HP: 108/151 MP: 20/20
 24674 | Orc:2    | Received a gift from Okawaru
 24843 | Orc:2    | Found Tock's Weapon Shop.
 24848 | Orc:2    | Found Nalow's Magic Scroll Shoppe.
 24849 | Orc:2    | Found Hesa's Antique Weapon Emporium.
 24850 | Orc:2    | Found a staircase to the Elven Halls.
 25554 | Orc:1    | Noticed Nergalle
 25563 | Orc:1    | Killed Nergalle
 25866 | Swamp:1  | Entered Level 1 of the Swamp
 25905 | Swamp:1  | Received a gift from Okawaru
 25923 | Swamp:1  | Identified the +7 crystal plate armour "Etimuful" {+Blink}
                  | (Okawaru gifted it to you on level 1 of the Swamp)
 25923 | Swamp:1  | Received a gift from Okawaru
 27633 | Swamp:2  | Reached skill level 10 in Throwing
 27922 | Swamp:3  | Found a runed translucent door.
 27922 | Swamp:3  | Found a shimmering altar of Xom.
 27922 | Swamp:3  | Noticed mrw3rdna's ghost (adept MiFi)
 27986 | Swamp:3  | Killed mrw3rdna's ghost
 27991 | Swamp:3  | Identified the staff of cold "Gethris" {rC+ Stlth+}
 28146 | Swamp:3  | Identified the +1 robe of the Gloaming {Regen+ Str-2 SInv}
                  | (Okawaru gifted it to you on level 3 of the Swamp)
 28146 | Swamp:3  | Received a gift from Okawaru
 28190 | Swamp:3  | Got the Parchment of Azure Reconstruction
 28415 | Swamp:3  | Noticed a tentacled monstrosity
 28423 | Swamp:3  | Killed a tentacled monstrosity
 28518 | Swamp:4  | Entered Level 4 of the Swamp
 28793 | Arena    | Entered the Arena
 28833 | Swamp:4  | Reached XP level 17. HP: 114/162 MP: 18/21
 29598 | Swamp:4  | Received a gift from Okawaru
 29625 | Swamp:4  | Got a decaying rune of Zot
 29977 | Spider:1 | Entered Level 1 of the Spider Nest
 30335 | Spider:1 | Identified the +5 pair of boots of the Eternal Void {Harm
                  | Rampage rF- rN++}
 30571 | Spider:1 | Received a gift from Okawaru
 30960 | Spider:2 | Received a gift from Okawaru
 31099 | Spider:2 | Gained mutation: You occasionally shout uncontrollably at
                  | your foes. [mutagenic glow]
 32013 | Spider:3 | Received a gift from Okawaru
 33527 | Spider:4 | Entered Level 4 of the Spider Nest
 33611 | Spider:4 | Received a gift from Okawaru
 33786 | Spider:4 | Identified the +4 battleaxe of Ivygodd {flame, rPois rCorr
                  | Str+4 Stlth+} (Okawaru gifted it to you on level 4 of the
                  | Spider Nest)
 33786 | Spider:4 | Received a gift from Okawaru
 33983 | Spider:4 | Reached XP level 18. HP: 166/176 MP: 22/22
 34023 | Spider:4 | Identified the +1 chain mail of Pebol {Dex+3} (Okawaru
                  | gifted it to you on level 4 of the Spider Nest)
 34023 | Spider:4 | Received a gift from Okawaru
 34281 | Spider:4 | Got a gossamer rune of Zot
 34832 | Elf:1    | Entered Level 1 of the Elven Halls
 34924 | Elf:1    | Identified the +1 cloak "Turph" {*Slow rC++ Slay+5}
 35947 | Elf:1    | Paralysed by an air elemental for 1 turns
 36122 | Elf:1    | Noticed Frances
 36131 | Elf:1    | Killed Frances
 36131 | Elf:1    | Received a gift from Okawaru
 36191 | Elf:2    | Found the necklace of Bloodlust {Fury *Rage Will++ Int-3
                  | Slay+6}
 36399 | Elf:2    | Identified the +6 hand axe of the Forest {venom, rN+ Will-
                  | Str+2 Int+3} (Okawaru gifted it to you on level 2 of the
                  | Elven Halls)
 36399 | Elf:2    | Received a gift from Okawaru
 36523 | Elf:2    | Identified the staff of earth "Bul Faorr" {*Slow rC+++
                  | Dex+6}
 36685 | Elf:2    | Found a runed translucent gate.
 36686 | Elf:2    | Found a runed translucent gate.
 36686 | Elf:2    | Found a runed translucent gate.
 37134 | Elf:2    | Reached XP level 19. HP: 118/184 MP: 23/23
 37313 | Elf:2    | Paralysed by an air elemental for 1 turns
 37318 | Elf:2    | Paralysed by an air elemental for 1 turns
 37656 | Elf:2    | Noticed Zenata
 37667 | Elf:2    | Killed Zenata
 37965 | Elf:2    | Identified the +2 kite shield of the Moon Troll {Harm rC++
                  | Str-5 SInv} (Okawaru gifted it to you on level 2 of the
                  | Elven Halls)
 37965 | Elf:2    | Received a gift from Okawaru
 38290 | Vaults:1 | Entered Level 1 of the Vaults
 38700 | Vaults:1 | Paralysed by a great orb of eyes for 3 turns
 38801 | Vaults:1 | Found Fesatt's Jewellery Boutique.
 39199 | Vaults:1 | Reached skill level 10 in Dodging
 39317 | Vaults:1 | Reached skill level 15 in Shields
 40109 | Vaults:2 | Found a staircase to the Crypt.
 40161 | Vaults:2 | Identified the scarf "Gacabogg" {+Inv, rF+ Will+ MP+9
                  | Stlth+} (Okawaru gifted it to you on level 2 of the Vaults)
 40161 | Vaults:2 | Received a gift from Okawaru
 40976 | Vaults:2 | Reached XP level 20. HP: 195/195 MP: 24/24
 41252 | Vaults:2 | Noticed Nikola
 41277 | Vaults:2 | Killed Nikola
 41822 | Vaults:3 | Received a gift from Okawaru
 42041 | Vaults:3 | Received a gift from Okawaru
 42178 | Vaults:3 | Found a transporter.
 42178 | Vaults:3 | Noticed Unui's ghost (adept MiFi)
 42178 | Vaults:3 | Identified the +4 great mace "Bosulale" {freeze, *Noise
                  | rN++ Str+3}
 42181 | Vaults:3 | Found a transporter.
 42213 | Vaults:3 | Identified the +0 hat of Saamiw {Harm rElec rPois Int-5}
                  | (Okawaru gifted it to you on level 3 of the Vaults)
 42213 | Vaults:3 | Received a gift from Okawaru
 42231 | Vaults:3 | Killed Unui's ghost
 42619 | Vaults:3 | Noticed Boris
 42631 | Vaults:3 | Killed Boris
 42914 | Vaults:3 | Reached XP level 21. HP: 177/207 MP: 25/25
 43761 | Vaults:4 | Received a gift from Okawaru
 43929 | Vaults:4 | Received a gift from Okawaru
 44408 | Vaults:4 | Identified the +3 hat of Ojepn {Dex+3} (Okawaru gifted it
                  | to you on level 4 of the Vaults)
 44408 | Vaults:4 | Received a gift from Okawaru
 44479 | Vaults:4 | Noticed Margery
 44485 | Vaults:4 | Killed Margery
 45177 | Depths:1 | Entered Level 1 of the Depths
 45239 | Depths:1 | Found a broken altar of Ashenzari.
 45827 | Depths:1 | Noticed the Enchantress
 45842 | Depths:1 | Killed the Enchantress
 45842 | Depths:1 | Received a gift from Okawaru
 46190 | Depths:1 | Noticed Saint Roka
 46209 | Depths:1 | Killed Saint Roka
 46535 | Depths:1 | Found a gateway to Hell.
 46591 | Depths:1 | Found a one-way gateway to a ziggurat.
 47283 | Depths:2 | Reached XP level 22. HP: 220/220 MP: 26/26
 47641 | Depths:2 | Found a one-way gate leading to the halls of Pandemonium.
 47703 | Depths:2 | Received a gift from Okawaru
 47864 | Depths:2 | Noticed a golden dragon
 47870 | Depths:2 | Killed a golden dragon
 48140 | Depths:2 | Identified the ring of Winter {rPois rN++ Will+ Str-4
                  | Dex+6}
 48339 | Depths:2 | Identified the +0 plate armour "Acsujyec" {Dex+3}
 48380 | Depths:2 | Identified the +2 pair of gloves "Jetacsev" {Regen+ Dex+3}
                  | (Okawaru gifted it to you on level 2 of the Depths)
 48380 | Depths:2 | Received a gift from Okawaru
 48702 | Depths:2 | Got Sif Muna's Elucidation of Twisted Cold
 48831 | Depths:2 | Found a white marble altar of Elyvilon.
 49132 | Depths:3 | Found a one-way gate to the infinite horrors of the Abyss.
 49265 | Depths:3 | You fall into a shaft and drop 1 floor!
 49265 | Depths:4 | Entered Level 4 of the Depths
 49474 | Depths:4 | Found a gate to the Realm of Zot.
 49590 | Depths:4 | Found a stormy altar of Qazlal.
 49808 | Depths:4 | Received a gift from Okawaru
 50217 | Depths:3 | Found a shadowy altar of Dithmenos.
 50539 | Depths:4 | Reached XP level 23. HP: 227/229 MP: 27/27
 51054 | Depths:4 | Received a gift from Okawaru
 52238 | Elf:3    | Entered Level 3 of the Elven Halls
 52309 | Elf:3    | Received a gift from Okawaru
 52318 | Elf:3    | Found a runed translucent door.
 52318 | Elf:3    | Noticed Psyclone's ghost (adept OpCj)
 52347 | Elf:3    | Killed Psyclone's ghost
 52358 | Elf:3    | Acquired 647 gold pieces
 52797 | Elf:3    | Identified the +0 plate armour of Limited Liability
                  | {Rampage rN+++ Str-3 Int-5}
 52971 | Elf:3    | Identified the +6 mace of Imuetunk {venom, rF++ SInv}
 52992 | Elf:3    | Got Medulub's Verses on the Crater
 53005 | Elf:3    | Identified the +6 scale mail "Rixeos" {Int+2 Stlth+}
 53006 | Elf:3    | Identified the +5 flail of Frustration {freeze, *Noise
                  | *Slow +Blink Str+8}
 53016 | Elf:3    | Identified the +1 falchion of Exoneration {freeze, Int+3}
 53045 | Elf:3    | Found the +7 lajatang of Order {silver, rMut}
 53049 | Elf:3    | Found the amulet of the Four Winds {rN+ Will+++ Clar}
 53065 | Elf:3    | Got the Directory of the Befouled Pyromaniac
 53073 | Elf:3    | Identified the +2 short sword "Radecir" {pain, rF+ Int+5}
 53154 | Elf:3    | Got the Parchment of the Evil Eye and Blight
 53167 | Elf:3    | Identified the +1 war axe "Ozufre" {flame, rElec Will+
                  | rCorr}
 53541 | Crypt:1  | Entered Level 1 of the Crypt
 53630 | Crypt:1  | Received a gift from Okawaru
 53819 | Crypt:1  | Noticed Vv
 53830 | Crypt:1  | Killed Vv
 53886 | Crypt:1  | Received a gift from Okawaru
 53913 | Crypt:1  | Identified the ring "Xoirov" {Ice rElec rN+ Will+ Str+3}
 53913 | Crypt:1  | Noticed Josephina
 53941 | Crypt:1  | Killed Josephina
 54139 | Crypt:1  | Noticed Sojobo
 54155 | Crypt:1  | Killed Sojobo
 54587 | Crypt:2  | Noticed Boris
 54595 | Crypt:2  | Killed Boris
 55119 | Crypt:3  | Entered Level 3 of the Crypt
 55213 | Crypt:3  | Reached XP level 24. HP: 200/243 MP: 27/27
 55268 | Crypt:3  | Noticed an ancient lich
 55280 | Crypt:3  | Killed an ancient lich
 55358 | Crypt:3  | Received a gift from Okawaru
 55392 | Crypt:3  | Reached skill level 27 in Axes
 55402 | Crypt:3  | Identified the +1 pair of boots "Soumoef" {Int+2} (Okawaru
                  | gifted it to you on level 3 of the Crypt)
 55402 | Crypt:3  | Received a gift from Okawaru
 55459 | Crypt:3  | Found a basalt altar of Yredelemnul.
 55560 | Crypt:3  | Noticed Jory
 55582 | Crypt:3  | Killed Jory
 55604 | Crypt:3  | Got the Folio of Gloom
 55606 | Crypt:3  | Identified the +2 leather armour "Qifiross" {Str+3 Dex-4
                  | Slay+3}
 55913 | Crypt:3  | Found a staircase to the Tomb.
 55992 | Crypt:3  | Noticed Boris
 56198 | Crypt:3  | Killed Boris
 56798 | Vaults:5 | Entered Level 5 of the Vaults
 57014 | Vaults:5 | Received a gift from Okawaru
 57243 | Vaults:5 | Received a gift from Okawaru
 57269 | Vaults:5 | Identified the +1 chain mail "Gadereog" {Rampage}
 57347 | Vaults:5 | Identified the +6 great mace of Bedazzled Offence {drain,
                  | rC+}
 57391 | Vaults:5 | Received a gift from Okawaru
 57545 | Vaults:5 | Reached XP level 25. HP: 255/255 MP: 27/27
 57556 | Vaults:5 | Identified the orb of Impatience {*channel, Harm rPois rN+}
 57812 | Vaults:5 | Identified the +3 leather armour of Omission {Dex+3}
 58106 | Vaults:5 | Received a gift from Okawaru
 58298 | Vaults:5 | Identified the staff of air "Niosm" {rElec rC++}
 58402 | Vaults:5 | Received a gift from Okawaru
 58474 | Vaults:5 | Got a silver rune of Zot
 59492 | Orc:2    | Bought a scroll of enchant armour for 120 gold pieces
 59806 | Zot:1    | Entered Level 1 of the Realm of Zot
 59962 | Zot:1    | Reached skill level 27 in Armour
 59990 | Zot:1    | Reached skill level 27 in Fighting
 60002 | Zot:1    | Received a gift from Okawaru
 61797 | Zot:2    | Noticed an orb of fire
 62162 | Zot:2    | Killed an orb of fire
 62728 | Zot:3    | Noticed an orb of fire
 62729 | Zot:3    | Received a gift from Okawaru
 62731 | Zot:3    | Gained mutation: Your mind is acute. (Int +4, Str/Dex -1)
                  | [an orb of fire]
 62737 | Zot:3    | Gained mutation: You occasionally lose the ability to read
                  | scrolls when taking damage. [an orb of fire]
 62748 | Zot:3    | Killed an orb of fire
 62751 | Zot:3    | Lost mutation: Your mind is acute. (Int +4, Str/Dex -1)
                  | [potion of mutation]
 62751 | Zot:3    | Lost mutation: You occasionally lose the ability to read
                  | scrolls when taking damage. [potion of mutation]
 62986 | Zot:3    | Found the +10 Black Knight's barding {ponderous, rPois rN+}
 63617 | Zot:4    | Received a gift from Okawaru
 63678 | Zot:4    | Reached XP level 26. HP: 252/265 MP: 27/27
 63754 | Zot:4    | Received a gift from Okawaru
 63823 | Zot:4    | Received a gift from Okawaru
 64214 | Zot:4    | Reached skill level 15 in Dodging
 64409 | Zot:4    | Got the Precepts of the Coals
 64454 | Zot:4    | Identified the +5 scale mail of Integrity {Int+2 Dex+3}
                  | (Okawaru gifted it to you on level 4 of the Realm of Zot)
 64454 | Zot:4    | Received a gift from Okawaru
 64819 | Zot:5    | Entered Level 5 of the Realm of Zot
 65141 | Zot:5    | Found a runed translucent door.
 65141 | Zot:5    | Noticed Uneer's ghost (legendary GnFE)
 65498 | Zot:5    | Gained mutation: Your body sometimes deteriorates upon
                  | taking damage. [mutagenic glow]
 65506 | Zot:5    | Gained mutation: You do not regenerate when monsters are
                  | visible. [mutagenic glow]
 65524 | Zot:5    | Gained mutation: You are dopey. (Int -2) [mutagenic glow]
 66139 | Zot:5    | Noticed an orb of fire
 66142 | Zot:5    | Noticed a dread lich
 66143 | Zot:5    | Noticed an orb of fire
 66299 | Zot:5    | Gained mutation: You are weak. (Str -2) [an orb of fire]
 66310 | Zot:5    | Gained mutation: Your body often deteriorates upon taking
                  | damage. [an orb of fire]
 66312 | Zot:5    | Killed an orb of fire
 66373 | Zot:5    | Gained mutation: You have hidden genetic defects. [an orb
                  | of fire]
 66384 | Zot:5    | Killed an orb of fire
 66434 | Zot:4    | Reached XP level 27. HP: 273/273 MP: 27/27
 66435 | Zot:4    | Reached skill level 27 in Shields
 66436 | Zot:4    | Lost mutation: Your body often deteriorates upon taking
                  | damage. [potion of mutation]
 66436 | Zot:4    | Lost mutation: You have hidden genetic defects. [potion of
                  | mutation]
 66436 | Zot:4    | Gained mutation: You expend magic power (3 MP) to
                  | strengthen your wands. [potion of mutation]
 66472 | Zot:5    | Killed a dread lich
 66598 | Zot:5    | Noticed an ancient lich
 66605 | Zot:5    | Killed an ancient lich
 66617 | Zot:5    | a Killer Klown changed into a juggernaut
 66617 | Zot:5    | Noticed a juggernaut
 66621 | Zot:5    | Killed a juggernaut
 66630 | Zot:5    | a Killer Klown changed into a juggernaut
 66630 | Zot:5    | Noticed a juggernaut
 66631 | Zot:5    | Noticed a dread lich
 66643 | Zot:5    | Killed a juggernaut
 66746 | Zot:5    | Killed a dread lich
 66746 | Zot:5    | Received a gift from Okawaru
 66965 | Zot:5    | Received a gift from Okawaru
 67012 | Zot:5    | Noticed an ancient lich
 67028 | Zot:5    | Killed an ancient lich
 67201 | Zot:5    | Got the Orb of Zot
 67589 | D:13     | Received a gift from Okawaru
 67861 | D:$      | Escaped with the Orb!

Illustrated notes

Levels and vault maps discovered:
D:1:      reono_arrival_mine, layout_basic, hellmonk_ecumenical_altar_crossroads
D:2:      layout_loops_ring, basic_altar, bh_walls_and_bars
D:3:      layout_loops_ring, gammafunk_temple_overflow_pools,
          serial_park_tiny_1, uniq_crazy_yiuf_cottage, uniq_sigmund
D:4:      lemuel_castle_with_subvaults [lemuel_castle_interior_original],
          layout_basic, mainiacjoe_overflow_alcove_1,
          mainiacjoe_overflow_brackets, nicolae_ossuary_entry_plus
D:5:      minmay_clustersquares, layout_basic,
          mainiacjoe_overflow_concentric_impassable, serial_shops,
          nicolae_square_shop, minmay_between
D:6:      layout_basic, lemuel_crystal_altar, lemuel_tele_altar,
          gup_sewer_entry_spiral, amethyst_killhole, uniq_blork_the_orc,
          uniq_menkaure, uniq_eustachio
D:7:      layout_rooms, mainiacjoe_overflow_surrounded_room, tso_oasis_becter,
          minmay_temple_entry_ruins, minmay_diced_spiral
D:8:      layout_rooms, nicolae_yredelemnul_corpse_copse, uniq_pikel
D:9:      layout_basic, due_lair_maze_entry_diamond
D:10:     layout_cross, serial_shops, nicolae_shop_hallway_plus, uniq_grum
D:11:     layout_gridville, hellmonk_okawaru_the_only_friend_you_need,
          uniq_erica
D:12:     minmay_slanted_spiral_squares, layout_basic, orc_0_dummy, special_room
          [special_room_bee], kennysheep_generic_room_16, uniq_sonja
D:13:     layout_irregular_city, david_vaults_2, portal_ice_cave_entry_pillars_2
D:14:     layout_gridville, uniq_nessos, uniq_louise
D:15:     gammafunk_enter_depths_forms, layout_rooms,
          chequers_serial_rivers_micro_d, minmay_strange_pillars
Temple:   hellmonk_temple_two_chambers
Lair:1:   minmay_lair_oklob_tunnel, layout_gridlike
Lair:2:   layout_regular_city, gammafunk_ghost_wrathful_warriors,
          nicolae_lair_run_with_the_wolves, lemuel_fruit_tree
Lair:3:   layout_roguey, swamp_mist_pool, spider_nest_entry_web_field,
          gauntlet_entry_generic, grunt_megastairs_5, serial_bayou_shore_a
Lair:4:   layout_gridlike
Lair:5:   evilmike_catoblepas_cave, layout_layer_cave, slime_entry_1,
          enter_volcano_4, pond
Swamp:1:  layout_basic_swamp, evilmike_swamp_ruin_rubble_1,
          infiniplex_staircase_pool
Swamp:2:  layout_basic_swamp, hangedman_swamp_cone,
          nicolae_swamp_very_dense_foliage
Swamp:3:  layout_basic_swamp, ebering_ghost_xom, evilmike_swamp_ruin_house_4
Swamp:4:  swamp_fiery, layout_basic_swamp, swamp_pool4
Spider:1: nicolae_spider_mines_3, nicolae_spider_circle_web
Spider:2: layout_spider_delve, nicolae_spider_solar_radiation
Spider:3: layout_chambers, nicolae_spider_baby_got_redback
Spider:4: guppyfry_spider_rune
Orc:1:    layout_caves, minmay_orc_temple_a, uniq_snorg, uniq_nergalle
Orc:2:    st_orc_open, layout_caves
Elf:1:    minmay_elf_arrival_circle, layout_geoelf_diagonals,
          hangedman_elf_represent, dk_noncrumbling_4, uniq_frances
Elf:2:    nicolae_elf_blades_crystal_corner, layout_loops_corners,
          lemuel_elevator, uniq_zenata
Elf:3:    minmay_elf_hall_spiked, layout_geoelf_grid,
          hellmonk_ghost_happy_afterlife
Vaults:1: nicolae_vaults_steering_wheel, vaults_standard_mumra_x,
          vaults_room_octagon, nicolae_vaults_tangram_1, v_misc_2,
          grunt_vaults_diagonal, nicolae_vaults_oval_intersection, v_rooms_4,
          vaults_room_grunt_arrival_ludios, nicolae_vaults_little_squares_4,
          nicolae_vaults_door_testing_chamber, vaults_room_stairs_pillars,
          vaults_room_hangedman_quadrants, layout_vaults_omnicross,
          serial_shops, shop
Vaults:2: minmay_crypt_entry_vampire_xt, nicolae_vaults_closet_pinwheel_2,
          nicolae_vaults_sesquioval_fish, nicolae_vaults_variable_pillar_hall,
          nicolae_vaults_three_branches, nicolae_vaults_offset_grid_hallway_3,
          v_misc_26, nicolae_vaults_layer_cake_slice, v_misc_8,
          nicolae_vaults_mini_display_case, layout_vaults_maze_snakey,
          uniq_nikola
Vaults:3: gammafunk_ghost_smash, v_misc_10, dpeg_vaults_monster_row,
          hangedman_vaults_corner, nicolae_vaults_tetromino_T_1,
          ontoclasm_vaults_twist, nicolae_vaults_windows_and_doors_thing,
          nicolae_vaults_security_offices_5, nicolae_vaults_turnstiles,
          nicolae_vaults_what_the_h, ontoclasm_vaults_tryst,
          nicolae_vaults_house_1, vaults_room_ringed_pool,
          nicolae_vaults_tetromino_T_1, v_misc_17, layout_vaults_omnibox,
          uniq_boris
Vaults:4: nicolae_vaults_offset_grid_hallway_1,
          vaults_mumra_minichess_inversion, hangedman_vaults_capsules,
          v_misc_19, nicolae_vaults_rhombus_6, nicolae_vaults_little_ls,
          v_misc_27, nicolae_vaults_octothorpe, nicolae_vaults_house_3,
          vaults_dpeg_ring, layout_vaults_omnigrid, uniq_margery
Vaults:5: serial_shops
Crypt:1:  layout_gridlike, grunt_ministairs_13, serial_sigils_hangedman_shear,
          nicolae_crypt_ancient_font, uniq_vv, uniq_josephina, uniq_sojobo
Crypt:2:  layout_regular_city
Crypt:3:  church_of_pain_bobbens, layout_chaotic_city,
          nicolae_tomb_entry_rubble_hallway
Depths:1: layout_gridlike, enter_ziggurat_e, hell_entry,
          nicolae_ashenzari_skybound, minmay_misc_feat_encased, ice2_lemuel,
          uniq_enchantress, uniq_saint_roka
Depths:2: angbandy_vault, layout_gridlike, elyvilon_altar_3,
          grunt_pan_entry_sceptre, pf_vacation_house_of_asmodeus,
          minmay_three_doors, serial_bayou_shore_b
Depths:3: nicolae_cairo_tiling_very_big, layout_cave_shapes, hell_entry,
          pan_entry, abyss_entry, grunt_dithmenos_smoke_and_mirrors,
          columned_hall_lemuel, minmay_tree_intersection, nrook_uturn
Depths:4: regret_index_qazlal_generations, layout_basic, hell_entry,
          kennysheep_pointless_box, serial_bayou_lake_a
Zot:1:    layout_cathedral_of_symmetry, amethyst_zot_foddershock
Zot:2:    layout_onion, zot_minivault_1
Zot:3:    layout_gridlike, st_small_dragon_hoard_1, grunt_megastairs_2
Zot:4:    layout_gridlike, grunt_ministairs_14, hangedman_zot_wheel_spokes
Zot:5:    layout_basic, ebering_ghost_reflecting_pool

Skill      XL: |  1  2  3  4  5  6  7  8  9 10 11 12 13 14 15 16 17 18 19 20 21 22 23 24 25 26 27 |
---------------+----------------------------------------------------------------------------------+-----
Axes           | 3 4 5 6 7 8 10 12 13 14 15 17 18 20 21 22 23 24 25 26 27 | 27.0
Stealth        | 1 |  1.6
Dodging        | 1 5 6 8 10 14 16 20 | 20.4
Shields        | 5 7 9 11 12 14 15 17 18 20 21 23 25 26 27 | 27.0
Fighting       | 4 7 8 10 12 13 15 16 17 19 20 22 23 24 25 26 27 | 27.0
Armour         | 4 7 8 10 12 13 15 16 17 19 20 22 23 24 25 26 27 | 27.0
Throwing       | 1 4 5 7 8 10 | 10.0
Invocations    | 1 5 7 |  7.3
Evocations     | 4 |  4.0

Action                     |  1- 3 |  4- 6 |  7- 9 | 10-12 | 13-15 | 16-18 | 19-21 | 22-24 | 25-27 || total
---------------------------+-------+-------+-------+-------+-------+-------+-------+-------+-------++-------
  Melee: War axe           |    87 |   150 |   437 |   668 |   890 |       |       |       |       ||  2232
         Headbutt          |     7 |    19 |    66 |   155 |   300 |   281 |   292 |   423 |   312 ||  1855
         Hand axe          |       |       |       |       |    16 |   146 |       |       |       ||   162
         Broad axe         |       |       |       |       |   234 |  1013 |  1065 |  1382 |   877 ||  4571
  Throw: Stone             |     3 |       |     8 |    26 |       |       |       |       |       ||    37
         Boomerang         |       |       |       |     6 |    49 |    94 |    18 |       |    18 ||   185
         Dart              |       |       |       |    50 |     4 |       |       |     8 |     3 ||    65
         Javelin           |       |       |       |       |    10 |     9 |     8 |     7 |    22 ||    56
         Throwing net      |       |       |       |       |       |       |       |       |     3 ||     3
 Invoke: Heroism           |       |       |       |     3 |    14 |    11 |    11 |    17 |     5 ||    61
         Finesse           |       |       |       |     1 |     2 |     3 |     3 |     3 |     5 ||    17
         Duel              |       |       |       |       |       |     1 |       |       |       ||     1
Ability: Evoke Blink       |       |       |       |       |     1 |     2 |       |       |       ||     3
  Evoke: Wand              |       |       |       |     2 |     8 |     8 |    10 |     3 |     7 ||    38
    Use: Scroll            |     1 |       |     8 |    17 |    13 |     3 |     1 |    10 |    27 ||    80
         Potion            |       |     2 |     1 |     6 |     1 |     4 |     3 |     9 |     6 ||    32
   Stab: Invisible         |       |       |       |     4 |       |       |       |     2 |       ||     6
         Petrified         |       |       |       |       |     6 |       |       |       |       ||     6
         Sleeping          |       |       |       |       |     1 |       |       |       |       ||     1
         Distracted        |       |       |       |       |     3 |       |     1 |       |       ||     4
         Confused          |       |       |       |       |       |       |       |       |     1 ||     1
 Armour: Scale mail        |    33 |     4 |       |       |       |       |       |       |       ||    37
         Plate armour      |       |    51 |   175 |   306 |   488 |    32 |       |       |       ||  1052
         Leather armour    |       |       |       |       |     4 |       |       |       |       ||     4
         Crystal plate arm |       |       |       |       |       |   721 |   399 |   501 |    12 ||  1633
         Gold dragon scale |       |       |       |       |       |       |       |       |   405 ||   405
  Dodge: Dodged            |    40 |    36 |    85 |   158 |   289 |   368 |   336 |   399 |   318 ||  2029
  Block: Buckler           |    17 |    23 |    57 |   209 |    36 |       |       |       |       ||   342
         Reflection        |       |       |       |     1 |    41 |    71 |   108 |    57 |    57 ||   335
         Kite shield       |       |       |       |       |   525 |       |       |       |       ||   525
         Tower shield      |       |       |       |       |   332 |  1524 |  1236 |  1687 |  1288 ||  6067
